 Dungeon Crawl Stone Soup version 0.28-a0-1038-g9c4cb8273d (webtiles) character file.

Game seed: 15661999653340381046

44 siradein the Shield-Bearer (level 3, 0/36 HPs)
             Began as a Troll Fighter on Dec 9, 2021.
             Slain by Sigmund (14 damage)
             ... on level 2 of the Dungeon.
             The game lasted 00:01:51 (1143 turns).

siradein the Shield-Bearer (Troll Fighter)          Turns: 1143, Time: 00:01:52

Health: 0/36       AC:  4    Str: 24    XL:     3   Next: 41%
Magic:  2/2        EV: 10    Int:  4    God:
Gold:   61         SH:  0    Dex: 11    Spells: 2/2 levels left

rFire   . . .      SeeInvis .   a - +0 flail
rCold   . . .      Faith    .   (no shield)
rNeg    . . .      Spirit   .   b - +0 robe
rPois   .          Reflect  .   (helmet restricted)
rElec   .          Harm     .   (no cloak)
rCorr   .          Rampage  .   (gloves unavailable)
Will    .....                   (boots unavailable)
Stlth   +.........              (no amulet)
HPRegen 0.92/turn               (no ring)
MPRegen 0.08/turn               (no ring)

@: no status effects
A: large, unfitting armour, claws 3, regeneration 1, shaggy fur 1, tough skin 1
a: no special abilities


You were on level 2 of the Dungeon.
You visited 1 branch of the dungeon, and saw 2 of its levels.

You collected 61 gold pieces.

Inventory:

Hand Weapons
 a - a +0 flail (weapon)
Missiles
 m - 22 poisoned darts (quivered)
Armour
 b - a +0 robe (worn)
 c - a +0 kite shield
Scrolls
 j - a scroll of vulnerability {unknown}
 k - a scroll of noise {unknown}
 n - a scroll of magic mapping {unknown}
Potions
 d - a potion of might
 e - a potion of berserk rage {unknown}
 f - a potion of degeneration {unknown}
 g - 2 potions of haste {unknown}
 h - a potion of attraction {unknown}
 i - a potion of mutation {unknown}
 l - a potion of curing {unknown}


   Skills:
 + Level 2.8 Fighting
 + Level 2.3 Maces & Flails
 + Level 2.7 Dodging
 + Level 2.8 Shields


You had 2 spell levels left.
You didn't know any spells.
Your spell library contained the following spells:

 Spells                   Type           Power      Damage    Failure   Level
 Scorch                   Fire           0%         2d5       65%         2
 Flame Wave               Conj/Fire      0%         2d4       99%         4
 Summon Cactus Giant      Summ           0%         N/A       100%        6


Dungeon Overview and Level Annotations

Branches:
Dungeon (2/15)

Altars:
Elyvilon

Annotations:
D:2 Sigmund


Innate Abilities, Weirdness & Mutations

You are too large for most types of armour.
You have claws for hands.
Your natural rate of healing is unusually fast.
You are covered in fur. (AC +1)
You have tough skin. (AC +1)


Message History

A goblin comes into view. It is wielding a +0 club.
A goblin is nearby!
The goblin shouts!
There is an open door here.
You hit the goblin.
You kill the goblin!
No target in view!
No target in view!
Found a stone staircase leading down.
Found a leather armour.
Found 14 stones.
You see here 14 stones.
Found a runed mace.
You see here a +0 mace of protection.
You open the door.
There is an open door here.
There is an open door here.
You see here a ball python corpse.
Sigmund the Dreaded comes into view.
He is wielding a +1 scythe of flaming.
Sigmund shouts!
You start waiting.
Sigmund is nearby!
Sigmund hits you with a +1 scythe of flaming!
Sigmund burns you.
You hit Sigmund.
Sigmund is lightly wounded.
Sigmund barely misses you.
You hit Sigmund.
Sigmund is moderately wounded.
You closely miss Sigmund.
Sigmund is moderately wounded.
Sigmund hits you but does no damage.
You closely miss Sigmund.
Sigmund is moderately wounded.
Sigmund hits you with a +1 scythe of flaming!
Sigmund burns you.
You completely miss Sigmund.
Sigmund is moderately wounded.
Sigmund hits you with a +1 scythe of flaming!
You die...

............._..........#.......#
........................'.).....#
........................#.......#
.)...)...........................
####.......####................##
#.......#...#.#######......##
#...###.#...#.# #.......#
#...###.....#.## #.......###
###..........@.# #..........
#........###@# #...>...###
#.....(..# #.# #.......#
#........# #.# #.......#
#.......[###.# #.......#
#........+...# #.[.....#
#........##..# #.##+##.#
#........##..# #. #.# ....


You could see Sigmund.

Vanquished Creatures
  A worm (D:2)
  2 endoplasms
  3 goblins
  4 hobgoblins (D:1)
  3 jackals (D:1)
  8 kobolds
  3 quokkas
  6 ball pythons
  3 bats
  3 frilled lizards
  3 rats (D:1)
39 creatures vanquished.

Notes
Turn   | Place    | Note
-------+----------+-------------------------------------------
     0 | D:1      | siradein the Troll Fighter began the quest for the Orb.
     0 | D:1      | Reached XP level 1. HP: 22/22 MP: 0/0
   192 | D:1      | Reached XP level 2. HP: 29/29 MP: 1/1
   690 | D:2      | Found a faded altar of an unknown god.
   713 | D:2      | Reached XP level 3. HP: 29/36 MP: 2/2
   917 | D:2      | Found a white marble altar of Elyvilon.
  1126 | D:2      | Noticed Sigmund
  1143 | D:2      | Slain by Sigmund

Illustrated notes

Levels and vault maps discovered:
D:1:      dpeg_arrival_three_same_balls, layout_loops_ring, minivault_27
D:2:      layout_basic, basic_altar,
          hellmonk_ecumenical_altar_pennies_from_heaven, uniq_sigmund

Skill      XL: |  1 |
---------------+----+-----
Maces & Flails | 2 |  2.3
Fighting       | |  2.8
Dodging        | |  2.7
Shields        | |  2.8

Action                   || total
-------------------------++-------
Melee: Flail             ||   111
Armor: Robe              ||    47
Dodge: Dodged            ||    72
Block: Kite shield       ||    19

Table legend: (Time is in decaauts)
 A = Elapsed time spent in this place.
 B = Non-inter-level travel time spent in this place.
 C = Inter-level travel time spent in this place.
 D = Time resting spent in this place.
 E = Time spent auto-exploring this place.
 F = Levels seen in this place.
 G = Mean time per level.
                   A        B        C        D        E       F      G
               +--------+--------+--------+--------+--------+-----+--------+
         Total |   1185 |   1169 |     16 |      6 |    839 |   2 |  592.5 |
       Dungeon |   1185 |   1169 |     16 |      6 |    839 |   2 |  592.5 |
               +--------+--------+--------+--------+--------+-----+--------+

Top non-repeatable levels by time:
     D:1: 711 daAuts
     D:2: 474 daAuts
